 Dungeon Crawl Stone Soup version 0.28.0-1-gb440e238dd (webtiles) character file.

Game seed: 1737429357051660474

59 spaghetti the Skirmisher (level 3, 0/32 HPs)
             Began as a Demonspawn Chaos Knight on Feb 20, 2022.
             Was a Plaything of Xom.
             Slain by a wyvern (14 damage)
             ... on level 2 of the Dungeon.
             The game lasted 00:01:25 (1544 turns).

spaghetti the Skirmisher (Demonspawn Chaos Knight)  Turns: 1544, Time: 00:01:27

Health: 0/32       AC: 10    Str: 13 (14) XL:     3   Next: 78%
Magic:  3/3        EV:  9    Int: 14 (15) God:    Xom [.....*]
Gold:   31         SH:  0    Dex:  9 (10) Spells: 2/2 levels left

rFire   . . .      SeeInvis .   a - +0 falchion (chaos)
rCold   . . .      Faith    .   (no shield)
rNeg    . . .      Spirit   .   i - +3 scale mail "Acio" {rPois}
rPois   +          Reflect  .   (no helmet)
rElec   .          Harm     .   (no cloak)
rCorr   .          Rampage  .   (no gloves)
Will    .....                   (no boots)
Stlth   ..........              (no amulet)
HPRegen 0.10/turn               (no ring)
MPRegen 0.08/turn               (no ring)

@: flying, unable to read
A: big brain 1, clumsy 1, shaggy fur 1, inability to read while threatened
a: Renounce Religion


You were on level 2 of the Dungeon.
You worshipped Xom.
You were Xom's teddy bear.
You visited 1 branch of the dungeon, and saw 2 of its levels.

You collected 31 gold pieces.

Inventory:

Hand Weapons
 a - a +0 falchion of chaos (weapon)
Missiles
 h - 2 throwing nets (quivered)
Armour
 b - a +2 leather armour
 i - the +3 scale mail "Acio" (worn) {rPois}
   (You found it on level 2 of the Dungeon)

   rPois:     It protects you from poison.
Jewellery
 d - a ring of fire
Scrolls
 f - a scroll of enchant weapon {unknown}
 g - a scroll of holy word {unknown}


   Skills:
 + Level 4.8 Fighting
 - Level 2.6 Long Blades
 - Level 1.7 Armour
 - Level 0.8 Dodging


You had 2 spell levels left.
You didn't know any spells.
Your spell library was empty.

Dungeon Overview and Level Annotations

Branches:
Dungeon (2/15)

Altars:

Shops:
D:1 (


Innate Abilities, Weirdness & Mutations

You have an unusually large brain. (Int +2)
You are clumsy. (Dex -2)
You are covered in fur. (AC +1)
You sometimes lose the ability to read scrolls when taking damage.


Message History

You start putting on your armour.
You continue putting on the +3 scale mail "Acio" {rPois}. x5
You finish putting on the +3 scale mail "Acio" {rPois}.
You start resting.
A worm comes into view.
A worm is nearby!
You start resting.
A worm is nearby!
You hit the worm.
The worm is poisoned.
The worm is moderately wounded.
The worm closely misses you.
You hit the worm but do no damage. You drain the worm.
The worm is severely wounded.
The worm bites you but does no damage.
You hit the worm.
The worm evaporates and reforms as a wyvern!
Xom is amused.
The wyvern is heavily wounded. "Take this token of my esteem."
Something appears at your feet!
You see here a +0 leather armour.
The wyvern closely misses you.
You hit the wyvern.
The wyvern seems to speed up.
Xom is highly amused!
The wyvern is severely wounded.
The wyvern bites you.
You feel threatened and lose the ability to read scrolls!
The wyvern bites you but does no damage.
The wyvern bites you.
It was a potion of degeneration.
There was something very wrong with that liquid.
You feel weakened.
You feel dopey.
You feel clumsy.
The wyvern bites you but does no damage.
The wyvern closely misses you.
It was a potion of flight.
You feel very buoyant.
You fly up into the air.
Xom thinks this is hilarious!
The wyvern bites you!
You die...
Xom giggles madly!

### ##.########
####.#.......#####
#...###..###.#...#
#.#.<#.#...l...#.#
##.).#.)...##@#...#
###..#.##.#.###.##.##
#.......#.#.###.##.####
#.#.....w....[........#
##.#...#.########.#.##.#
#.........# ##.#.##.#
#..#......# ...#.#......#
...#.#....#...(.#.#.##.#.#
....<...........#.#.##.#.#


You could see a wyvern (fast).

Vanquished Creatures
  3 gnolls
  A dart slug (D:1)
  3 ball pythons (D:1)
  5 endoplasms
  A giant cockroach (D:1)
  4 goblins
  2 hobgoblins (D:1)
  2 quokkas
  3 rats
24 creatures vanquished.

Notes
Turn   | Place    | Note
-------+----------+-------------------------------------------
     0 | D:1      | spaghetti the Demonspawn Chaos Knight began the quest for
                  | the Orb.
     0 | D:1      | Reached XP level 1. HP: 18/18 MP: 1/1
   115 | D:1      | XOM: divination: detect creatures
   482 | D:1      | Gained mutation: You have an unusually large brain. (Int
                  | +2) [demonic ancestry]
   482 | D:1      | Reached XP level 2. HP: 22/24 MP: 2/2
   549 | D:1      | XOM: silly message
   614 | D:1      | Found Besagh's Antique Weapon Shoppe.
   705 | D:1      | Reached skill level 4 in Fighting
  1037 | D:2      | XOM: divination: detect creatures
  1104 | D:2      | XOM: silly message
  1149 | D:2      | Reached XP level 3. HP: 8/31 MP: 3/3
  1296 | D:1      | XOM: give mutations
  1296 | D:1      | Gained mutation: You are covered in fur. (AC +1) [Xom's
                  | mischief]
  1296 | D:1      | Gained mutation: You are clumsy. (Dex -2) [Xom's mischief]
  1296 | D:1      | Gained mutation: You sometimes lose the ability to read
                  | scrolls when taking damage. [Xom's mischief]
  1494 | D:2      | XOM: smoke on damage
  1504 | D:2      | Identified the +3 scale mail "Acio" {rPois}
  1541 | D:2      | Noticed a wyvern
  1541 | D:2      | a worm changed into a wyvern
  1541 | D:2      | XOM: god gift: leather armour {god gift}
  1544 | D:2      | Slain by a wyvern

Illustrated notes

Levels and vault maps discovered:
D:1:      minmay_arrival_up_and_down, layout_basic, serial_shops,
          nicolae_lakefront_shop, chequers_serial_rivers_room_a
D:2:      layout_loops_cross, nicolae_ecumenical_snake_handling,
          minmay_quadrilaterals

Skill      XL: |  1  2 |
---------------+-------+-----
Fighting       | 4 |  4.8
Long Blades    | |  2.6
Armour         | |  1.7
Dodging        | |  0.8

Action                   || total
-------------------------++-------
Melee: Falchion          ||    81
       Punch             ||     3
  Use: Potion            ||     2
Armor: Leather armour    ||    27
       Scale mail        ||     3
Dodge: Dodged            ||    41
